Cogmind - Beta 13 @@@ ROGUE MODE // 2024.06.12 @ 00:34:08 Player: doughoff Result: Self-destructed Performance ------------- Evolutions (2) 1000 Regions Visited (5) 1000 Robots Destroyed (17) 85 Value Destroyed (289) 289 Prototype IDs (23) 460 Alien Tech Used (0) 0 Bonus (166) 166 TOTAL SCORE: 3000 Bonus ------- Aligned with FarCom 300 Friendly Fire -134 Cogmind --------- Core Integrity 449/550 Matter 52/300 Energy 23/100 System Corruption 0% Temperature Cool (0) Movement Walking (110) Location -8/Materials Parts ------- > --- POWER (1) -------- (None) > --- PROPULSION (4) --- Aluminum Leg Aluminum Leg Potential Leg > --- UTILITY (4) ------ Medium Storage Unit Light Armor Plating > --- WEAPON (2) ------- Light Cannon > --- INVENTORY (10) --- Wheel Mining Laser Peak State ------------ > --- POWER ------------ Light Nuclear Core > --- PROPULSION ------- Aluminum Leg Aluminum Leg Potential Leg Potential Leg > --- UTILITY ---------- Medium Storage Unit Light Armor Plating Light Armor Plating Hardened Medium Armor Plating > --- WEAPON ----------- Heavy Assault Rifle Light Cannon > --- INVENTORY -------- Aluminum Leg Wheel Light Armor Plating Assault Rifle Mining Laser [Rating: 34] Favorites ----------- Power Light Nuclear Core Engine Light Ion Engine Power Core Light Nuclear Core Propulsion Aluminum Leg Leg Aluminum Leg Utility Medium Storage Unit Device Structural Scanner Storage Medium Storage Unit Protection Light Armor Plating Weapon Light Cannon Ballistic Gun Assault Rifle Ballistic Cannon Light Cannon Special Weapon Mining Laser Build | -11 -10 -10 -10 -9 -8 ------- Run | Yrd Mat Min Exi Min Mat Slots Evolved 4 | . . . . . 4 Power . | . . . . . . Propulsion 2 | . . . . . 2 Utility 2 | . . . . . 2 Weapon . | . . . . . . Parts Attached 30 | 6 5 2 5 . 12 Power 2 | 1 1 . . . . Engine 1 | 1 . . . . . Core 1 | . 1 . . . . Reactor . | . . . . . . Propulsion 9 | 2 1 . 3 . 3 Treads . | . . . . . . Leg 9 | 2 1 . 3 . 3 Wheel . | . . . . . . Hover . | . . . . . . Flight . | . . . . . . Utility 10 | 1 2 1 . . 6 Device 1 | . 1 . . . . Storage 2 | 1 1 . . . . Processor . | . . . . . . Hackware . | . . . . . . Protection 7 | . . 1 . . 6 Artifact . | . . . . . . Weapon 9 | 2 1 1 2 . 3 Energy Gun . | . . . . . . Energy Cannon . | . . . . . . Ballistic Gun 6 | 2 . 1 1 . 2 Ballistic Cannon 2 | . 1 . 1 . . Launcher . | . . . . . . Special Weapon 1 | . . . . . 1 Impact Weapon . | . . . . . . Slashing Weapon . | . . . . . . Piercing Weapon . | . . . . . . Special Melee Weapon . | . . . . . . Unidentified Prototypes . | . . . . . . Parts Lost 5 | . . . . . 5 Power 1 | . . . . . 1 Propulsion 1 | . . . . . 1 Utility 2 | . . . . . 2 Weapon 1 | . . . . . 1 Highest Loss Streak 3 | . . . . . 3 To Critical Strikes . | . . . . . . Average Slot Usage (%) 90 | . 93 100 72 100 86 Core 12 | . 12 14 14 14 6 Leg 28 | . 28 28 28 28 35 Device 3 | . 7 2 . . . Storage 13 | . 14 14 14 14 9 Protection 8 | . . 11 14 14 18 Ballistic Gun 12 | . 17 14 . 14 7 Ballistic Cannon 9 | . 10 14 . 14 9 Naked Turns . | . . . . . . Heaviest Build 32 | 11 21 24 24 24 32 Greatest Support 80 | 20 20 20 60 60 80 Greatest Overweight (x) 1 | 1 1 1 . . . Average Overweight (x) . | . . 1 . . . Largest Inventory Capacity 10 | 8 10 10 10 10 10 Average Capacity 9 | 7 9 10 10 10 10 Most Carried 10 | 6 9 9 10 8 7 Average Carried 7 | 3 8 8 9 8 4 Final Capacity 10 | 8 10 10 10 10 10 Final Carried 9 | 6 9 9 8 8 2 Class Distribution -------------------- 89% | Mutant 10% | Scavenger-Mutant Dominant Class ---------------- Mutant | -10/Materials Mutant | -10/Mines Mutant | -10/Exiles Mutant | -9/Mines Scavenger-Mutant | -8/Materials Resources | -11 -10 -10 -10 -9 -8 ----------- Run | Yrd Mat Min Exi Min Mat Matter Collected 465 | 272 97 40 . 51 5 Remotely . | . . . . . . Salvage Created 483 | 46 155 108 . . 174 Parts 37 | 4 13 11 . . 9 Haulers Intercepted . | . . . . . . Recyclers Shooed 1 | . 1 . . . . Parts Field Recycled . | . . . . . . Retrieved Matter . | . . . . . . Parts Self-Destructed . | . . . . . . Prevented . | . . . . . . Kills | -11 -10 -10 -10 -9 -8 ------- Run | Yrd Mat Min Exi Min Mat Combat Hostiles Destroyed 10 | . 3 4 . . 3 Guns 5 | . 2 2 . . 1 Cannons 5 | . 1 2 . . 2 Classes Destroyed 8 | 1 3 2 . . 2 Worker 2 | . 1 1 . . . Tunneler 2 | 2 . . . . . Recycler 1 | . . . . . 1 Watcher 1 | . 1 . . . . Swarmer 3 | . . 3 . . . Cutter 3 | . . . . . 3 Grunt 3 | . 3 . . . . Sentry 1 | . . 1 . . . Thug 1 | . . . . . 1 Best Kill Streak 3 | 2 2 3 . . 3 Combat Bots Only 3 | . 2 3 . . 2 Max Kills in Single Turn 1 | 1 1 1 . . 1 Gunslinging . | . . . . . . Exploded . | . . . . . . Melee . | . . . . . . Uniques/NPCs Destroyed . | . . . . . . Combat | -11 -10 -10 -10 -9 -8 -------- Run | Yrd Mat Min Exi Min Mat Hostile Shots Fired 111 | . 11 10 . . 90 Missed 32 | . 3 2 . . 27 Damage Taken 1448 | . 113 82 . . 1253 Core 118 | . 11 6 . . 101 Absorbed by Shields . | . . . . . . Core Remaining (%) 96 | 100 . . . 93 . Volleys Fired 42 | 3 13 8 . . 18 Largest 2 | 2 2 2 . . 2 Hottest 135 | 40 55 58 . . 135 Shots Fired 76 | 6 26 16 . . 28 Gun 41 | 6 18 8 . . 9 Cannon 34 | . 8 8 . . 18 Launcher . | . . . . . . Special 1 | . . . . . 1 Kinetic 75 | 6 26 16 . . 27 Thermal 1 | . . . . . 1 Explosive . | . . . . . . Electromagnetic . | . . . . . . Robot Hit Streak 10 | 5 10 9 . . 6 Robot Miss Streak 14 | . 2 1 . . 14 Penetration Max . | . . . . . . Secondary Targets . | . . . . . . Shots Hit Robots 43 | 5 19 12 . . 7 Core Hits 26 | 2 9 7 . . 8 Critical Kills 1 | . 1 . . . . Critical Parts Destroyed 1 | . 1 . . . . Critical Strikes 4 | . 3 1 . . . Destroy 2 | . 2 . . . . Blast 2 | . 1 1 . . . Melee Attacks . | . . . . . . Impact . | . . . . . . Slashing . | . . . . . . Piercing . | . . . . . . Sneak Attacks . | . . . . . . Combat Hostiles . | . . . . . . Follow-up Attacks . | . . . . . . Damage Inflicted 729 | 59 277 200 . . 193 Guns 409 | 59 168 94 . . 88 Cannons 320 | . 109 106 . . 105 Explosions . | . . . . . . Melee . | . . . . . . Ramming . | . . . . . . Kinetic 729 | 59 277 200 . . 193 Thermal . | . . . . . . Explosive . | . . . . . . Electromagnetic . | . . . . . . Impact . | . . . . . . Slashing . | . . . . . . Piercing . | . . . . . . Highest Corruption . | . . . . . . Average Corruption . | . . . . . . Corruption Purged . | . . . . . . Corruption Blocked . | . . . . . . Overload Shots . | . . . . . . Overflow Damage . | . . . . . . Projectiles . | . . . . . . Explosions . | . . . . . . Melee . | . . . . . . Knockbacks 3 | . 1 . . . 2 Impact . | . . . . . . Kinetic 3 | . 1 . . . 2 Secondary . | . . . . . . Self-Inflicted Damage . | . . . . . . Shots . | . . . . . . Rammed . | . . . . . . Targets Rammed 1 | . 1 . . . . Kicked 1 | . 1 . . . . Crushed . | . . . . . . Highest Temperature 189 | . 6 60 . . 189 Average Temperature 89 | . 6 27 . . 120 Received Heat Transfer 285 | . 51 . . . 234 Siege Activations . | . . . . . . Robots Corrupted . | . . . . . . Combat Hostiles . | . . . . . . Parts Fried . | . . . . . . Impact Corruptions . | . . . . . . Robots Melted . | . . . . . . Combat Hostiles . | . . . . . . Parts Melted . | . . . . . . Heat Transferred . | . . . . . . Parts Sabotaged . | . . . . . . Parts Stolen . | . . . . . . Parts Stripped . | . . . . . . Power Chain Reactions . | . . . . . . Alert | -11 -10 -10 -10 -9 -8 ------- Run | Yrd Mat Min Exi Min Mat Peak Influence 118 | 10 118 95 . . 108 Initial 6 | . 6 . . . . Average 39 | 1 59 41 . . 33 Maximum Alert Level . | . . . . . . Low Security (%) 100 | 100 100 100 . 100 100 Level 1 . | . . . . . . Level 2 . | . . . . . . Level 3 . | . . . . . . Level 4 . | . . . . . . Level 5 . | . . . . . . High Security . | . . . . . . Max Security . | . . . . . . Squads Dispatched 2 | . . . . . 2 Investigation . | . . . . . . Extermination . | . . . . . . Reinforcement 2 | . . . . . 2 Assault . | . . . . . . Garrison . | . . . . . . Intercept . | . . . . . . Searches Triggered . | . . . . . . Construction Impeded . | . . . . . . Haulers Reinforced . | . . . . . . Active Scanning Responses . | . . . . . . Cargo Convoy Interrupts . | . . . . . . Stealth | -11 -10 -10 -10 -9 -8 --------- Run | Yrd Mat Min Exi Min Mat Distress Signals 2 | . 2 . . . . Communications Jammed . | . . . . . . Distress Signals . | . . . . . . Times Spotted 24 | . 8 5 . . 11 Peak Tracking Total 8 | . 4 3 . . 8 Tactical Retreats 1 | . 1 . . . . Traps | -11 -10 -10 -10 -9 -8 ------- Run | Yrd Mat Min Exi Min Mat Traps Triggered 1 | . 1 . . . . Indirectly . | . . . . . . Trap Hack Attempts . | . . . . . . Triggered . | . . . . . . Disarmed . | . . . . . . Reprogrammed . | . . . . . . Reused . | . . . . . . Traps Extracted . | . . . . . . Installed . | . . . . . . Triggered . | . . . . . . Machines | -11 -10 -10 -10 -9 -8 ---------- Run | Yrd Mat Min Exi Min Mat Machines Disabled 1 | . . . . . 1 Max in Single Turn 1 | . . . . . 1 Machines Repaired . | . . . . . . Machines Dismantled . | . . . . . . Machines Sabotaged . | . . . . . . Overloaded Fab Kills . | . . . . . . Hacking | -11 -10 -10 -10 -9 -8 --------- Run | Yrd Mat Min Exi Min Mat Machines Accessed 2 | . . . 1 . 1 Terminals 1 | . . . . . 1 Fabricators . | . . . . . . Repair Stations . | . . . . . . Recycling Units . | . . . . . . Scanalyzers . | . . . . . . Garrison Access . | . . . . . . Total Hacks 3 | . . . 1 . 2 Successful 2 | . . . 1 . 1 Failed 1 | . . . . . 1 Catastrophic . | . . . . . . Database Lockouts . | . . . . . . Manual 4 | . . . 2 . 2 Terminals 2 | . . . . . 2 Fabricators . | . . . . . . Repair Stations . | . . . . . . Recycling Units . | . . . . . . Scanalyzers . | . . . . . . Garrison Access . | . . . . . . Terminal Hacks 1 | . . . 1 . . Derelict Proto ID Bank 1 | . . . 1 . . Fabricator Hacks . | . . . . . . Repair Station Hacks . | . . . . . . Recycling Unit Hacks . | . . . . . . Scanalyzer . | . . . . . . Garrison Access Hacks . | . . . . . . Unauthorized Hacks 1 | . . . . . 1 Terminals 1 | . . . . . 1 Botnet 1 | . . . . . 1 Fabricators . | . . . . . . Repair Stations . | . . . . . . Recycling Units . | . . . . . . Scanalyzers . | . . . . . . Garrison Access . | . . . . . . Data Cores Recovered . | . . . . . . Used . | . . . . . . Hacking Detections 1 | . . . . . 1 Full Trace Events . | . . . . . . Feedback Events . | . . . . . . Feedback Blocked . | . . . . . . Robot Schematics Acquired . | . . . . . . Robots Built . | . . . . . . Authchips . | . . . . . . Time . | . . . . . . Total Robot Build Rating . | . . . . . . Part Schematics Acquired . | . . . . . . Parts Built . | . . . . . . Authchips . | . . . . . . Time . | . . . . . . Total Part Build Rating . | . . . . . . Parts Repaired . | . . . . . . Time . | . . . . . . Parts Recycled . | . . . . . . Recycled Matter . | . . . . . . Retrieved Matter . | . . . . . . Retrieved Components . | . . . . . . Parts Scanalyzed . | . . . . . . Part Schematics Acquired . | . . . . . . Parts Damaged . | . . . . . . Bothacking | -11 -10 -10 -10 -9 -8 ------------ Run | Yrd Mat Min Exi Min Mat Used RIF Installer . | . . . . . . Robots Hacked . | . . . . . . Non-combat . | . . . . . . Combat . | . . . . . . Robot Hacks Applied . | . . . . . . Relay Couplers Released . | . . . . . . Fabnet Peak Effective % . | . . . . . . Robots Rewired . | . . . . . . Allies Hacked . | . . . . . . Hacks Repelled . | . . . . . . Allies | -11 -10 -10 -10 -9 -8 -------- Run | Yrd Mat Min Exi Min Mat Total Allies 2 | . . . . 2 . Largest Group 2 | . . . . 2 1 Highest-Rated Group 42 | . . . . 42 31 Highest-Rated Ally 31 | . . . . 31 31 Total Orders . | . . . . . . Ally Attacks 6 | . . . . . 6 Total Damage 86 | . . . . . 86 Kills . | . . . . . . Allies Corrupted . | . . . . . . Allies Melted . | . . . . . . Intel | -11 -10 -10 -10 -9 -8 ------- Run | Yrd Mat Min Exi Min Mat Robot Analysis Total . | . . . . . . Derelict Logs Recovered . | . . . . . . Drone Launches . | . . . . . . Drone Recoveries . | . . . . . . Exploration | -11 -10 -10 -10 -9 -8 ------------- Run | Yrd Mat Min Exi Min Mat Turns Passed 1485 | 88 581 180 270 185 181 Spaces Moved 1008 | 60 300 78 250 206 114 Core 10 | 10 . . . . . Treads . | . . . . . . Legs 998 | 50 300 78 250 206 114 Wheels . | . . . . . . Hover . | . . . . . . Flight . | . . . . . . Fastest Speed 50 | 50 120 190 90 90 70 Average Speed 124 | 109 159 190 104 90 101 Slowest Speed 190 | 120 190 190 120 90 112 Overloaded Moves 12 | . . . . . 12 Propulsion Burnouts . | . . . . . . Robots Hopped . | . . . . . . Cave-ins Triggered . | . . . . . . Exploration Rate (%) 33 | 4 53 20 63 48 14 Regions Visited 5 Branch Regions 3 Pre-discovered Areas . | . . . . . . Known Exits Taken . | . . . . . . Unknown Exits Taken 5 | 1 1 1 1 1 . Scrap Searched 2 | . . . . 2 . Spaces Dug . | . . . . . . Terrain Destroyed . | . . . . . . Melee . | . . . . . . Projectile . | . . . . . . AOE . | . . . . . . Terrain Rammed . | . . . . . . Walls Destroyed . | . . . . . . Machines Disabled . | . . . . . . Actions | -11 -10 -10 -10 -9 -8 --------- Run | Yrd Mat Min Exi Min Mat Total 1158 | 74 377 95 261 205 146 Wait 49 | . 47 2 . . . Move 1003 | 59 299 77 249 205 114 Hop . | . . . . . . Pick Up 19 | 6 6 3 2 . 2 Fast Attach 10 | 6 2 . . . 2 Attach 11 | . . 1 2 . 8 Detach 2 | . . . 2 . . Swap 9 | . 3 1 3 . 2 Drop 12 | . 6 3 3 . . Fire 42 | 3 13 8 . . 18 Melee . | . . . . . . Ram . | . . . . . . Kick 1 | . 1 . . . . Crush . | . . . . . . Escape Stasis . | . . . . . . Rewire . | . . . . . . Trap . | . . . . . . Miscellaneous . | . . . . . . Route ------- -11/Scrapyard -10/Materials (discovered 2 exits: [*Mat] / [*Min]) -10/Mines -10/Exiles -9/Mines -8/Materials History --------- Turn | Location | Event 19 | -11/Scrapyard | Discovered new exit (range 15) 89 | -11/Scrapyard | Entered Materials 320 | -10/Materials | Build established: Mutant 331 | -10/Materials | Discovered new exit (range 8) 459 | -10/Materials | Discovered new exit (range 11) 670 | -10/Materials | Entered Mines 686 | -10/Mines | Joined a pair of Derelicts in attacking an 0b10 outpost 692 | -10/Mines | Met a Derelict bent on vengeance 842 | -10/Mines | Deemed a non-threat by the Exiles lab entrance 842 | -10/Mines | Discovered new exit (range 5) 850 | -10/Mines | Entered Exiles 882 | -10/Exiles | Met 8R-AWN 901 | -10/Exiles | Met EX-HEX 941 | -10/Exiles | Met EX-BIN 955 | -10/Exiles | Aligned with FarCom system 957 | -10/Exiles | Given EX-Vault access code 988 | -10/Exiles | Opened EX-Vault 996 | -10/Exiles | Found Potential Leg 998 | -10/Exiles | Found Potential Leg 1026 | -10/Exiles | Warned to stay clear of 0b10 Research branches 1053 | -10/Exiles | Met EX-DEC 1108 | -10/Exiles | Discovered new exit (range 10) 1120 | -10/Exiles | Left Exiles lab with Potential Leg 1120 | -10/Exiles | Entered Mines 1287 | -9/Mines | Discovered new exit (range 13) 1305 | -9/Mines | Entered Materials 1305 | -8/Materials | Accompanied by 1 ally 1305 | -8/Materials | Evolved 4 slots: Propulsion x2, Utility x2 1310 | -8/Materials | Led the pair of lost Derelicts to an unsafe place 1486 | -8/Materials | Self-destructed Last Messages --------------- 01474_ C-17 Slicer destroyed. 01474_ U-05 Engineer builds a Wall. 01475_ K-01 Serf collects debris. 01477_ Penetrated by Slug. 01477_ Lgt. Armor Plating destroyed. 01477_ Knocked back. 01477_ Acquired 5 matter. 01479_ K-01 Serf collects debris. 01479_ Aluminum Leg destroyed. 01481_ U-05 Engineer builds a Wall. 01482_ Acquired Hrd. Medium Armor Plating. 01482_ U-05 Engineer lays Concrete. 01482_ K-01 Serf collects debris. 01482_ Hrd. Medium Armor Plating destroyed. 01482_ Knocked back. 01483_ U-05 Engineer lays Concrete. 01484_ Acquired Lgt. Armor Plating. 01485_ U-05 Engineer lays Concrete. 01485_ K-01 Serf collects debris. 01485_ U-05 Engineer lays Concrete. Map ----- +----------------------------------------------------+ | ?????????????????????????????????????????????????? | | ?????????????????????????????????????????????????? | | ?????????????????????????????????????????????????? | | ?????????????????????????????????????????????????? | | ?????????????????????????????????????????????????? | | ?????????????????????????????????????????????????? | | ?????????????????????????????????????????????????? | | ?????????????????????????????????????????????????? | | ?????????????????????????????????????????????????? | | ?????????????????????????????????????????????????? | | ?????????????????????????????????????????????????? | | ?????????????????????????????????????????????????? | | ?????????????????????????????????????????????????? | | ?????????????????????????????????????????????????? | | ?????????????????????????????????????????????????? | | ?????????????????????????????????????????????????? | | ?????????????????????????????????????????????????? | | ?????????????????????????????????????????????????? | | ?????????????????????????????????????????????????? | | ?????????????????????????????????????????????????? | | ???????????????????????????????##????????????????? | | ??????????????????????######### ##???????????????? | | ???????????????????????; #???????????????? | | ???????????????????????# """ #???????????????? | | ???????????????????????#%! Y gg#### #??????????? | | ???????????????????????#=@%/ g ;gg #??????????? | | ???????????????????????# %%*=%" #?? #??????????? | | ???????????????????????# =[!=%!Tg#?? #??????????? | | ??????????????????????#; % Hk #? #???!#?????? | | ??????????????????????## =% % ## ## !!#?????? | | ???????????????????????###### % ## [[#?????? | | ????????????????????????## u [[#?????? | | ????????????????????????#" u !!#?????? | | ????????????????????????## %% !!#?????? | | ?????????????????????????# #####?????? | | ?????????????????????????# ! ## ##?????????? | | ?????????????????????????# % # #??????????? | | ?????????????????????????# ### T#?????????? | | ?????????????????????????# #?? ##?????????? | | ?????????????????????????# ### ##??? ######?????? | | ???????????????????#######+### #????? #?????? | | ???????????????????# # #?????? #?????? | | ???????????????????# """ """ # #??????? #?????? | | ???????????????????# """ """ # #?####### #?????? | | ???????????????????# """ """ # ### ## #?????? | | ???????????????????# """ """ # + ## #?????? | | ???????????????????# """ """ # # ## #?????? | | ???????????????????# + # ## #?????? | | ???????????????????# = # # ## #?????? | | ???????????????????########### ##+#### #?????? | +----------------------------------------------------+ Best States ------------- Heat Dissipation 31 Energy Generation 14 Energy Capacity 160 Matter Stores 300 Matter Capacity 300 Sight Range 16 Terrain Scan Density 10 Armor Coverage 525 Evasion (%) 61 Item Schematics ----------------- None Robot Schematics ------------------ None Fabricated ------------ Nothing Alien Tech Used ----------------- None Achievements -------------- None Challenges ------------ None Game ------ Seed RelayVisualInterpreter Manual? 0 Play Time 00:14:10 Cumulative 10.9 hours Start 2024.06.12 @ 00:19:29 End 2024.06.12 @ 00:34:08 Sessions 1 Manual Loads 0 Difficulty Rogue Special Mode None Game No. 20 Rogue 13 Adventurer 7 Explorer 0 Win Type - Total 0 Types 0/0/0/0/0/0/0/0/0 Lore% 5 Gallery% 14 Achievement% 17 Wizard Run 0 Options --------- Layout 0 ASCII 0 Keyboard 0 Movement Mouse Keybinds 0 Fullscreen 2 Font 24/Smallcaps Map View 113x50 Zoom Use 0% Tactical HUD 1 Map Filters NONE Filters NONE Steam 1 RUN: 7f576145-ad76-429b-8698-7dd3c13ae8c0